Coutelas vs Ice Dragons

Created - November 3, 2020 at 19:42

Goals
1 2 3 T
Coutelas 0 1 0 1
Ice Dragons 0 2 1 3
Shots
1 2 3 T
Coutelas 12 3 5 20
Ice Dragons 9 8 13 30

1st period

No Goal

Penalties :
No Penalty

2nd period

1. Coutelas , Tanner Richard 3 (Garnet Hathaway 4, Craig Cunningham 3) at 1:00 (PP)
2. Ice Dragons , Billy Sweat 3 (Kevin Connauton 6) at 2:50
3. Ice Dragons , Sam Carrick 1 (Kevin Connauton 7, Corban Knight 7) at 11:41

Penalties :
Brandon Kozun (Kin) for Holding Stick (Minor) at 0:50, Tanner Richard (MDÉ) for Hooking (Minor) at 6:01, Tanner Richard (MDÉ) for Elbowing (Minor) at 11:56

3rd period

4. Ice Dragons , Zach Trotman 1 (Sam Carrick 3, Billy Sweat 5) at 6:34 (PP)

Penalties :
Mikhail Grigorenko (MDÉ) for Interference (Minor) at 2:36, Mike Reilly (MDÉ) for Hooking (Minor) at 6:04, Ben Harpur (MDÉ) for Tripping (Minor) at 9:52

Goalie Stats

Joe Cannata (MDÉ), 27 saves from 30 shots - (0.900), L, 3-3-0, 60:00 minutes
Chet Pickard (Kin), 19 saves from 20 shots - (0.950), W, 4-2-0, 60:00 minutes

Players Stats for Coutelas

Player Name              G  A  P  +/- PIM S  H  SB GA TA FO     MP     PP MP  PK MP  
------------------------------------------------------------------------------------
Ben Harpur               0  0  0  -1  2   1  2  1  0  1  0/0    25:27   0:10   3:11 
Craig Cunningham         0  1  1  -1  0   3  2  0  0  0  1/1    24:31   0:10   4:27 
Dustin Kohn              0  0  0  -1  0   2  1  1  0  1  0/0    28:59   0:10   4:37 
Garnet Hathaway          0  1  1   0  0   3  1  1  0  0  1/1    14:11   0:10   0:00 
Julius Honka             0  0  0  -1  0   1  2  0  0  0  0/0    19:13   0:00   3:23 
Juraj Mikus              0  0  0  -1  0   0  2  2  0  0  6/16   19:48   0:00   4:38 
Kurtis Gabriel           0  0  0   0  0   0  2  0  0  0  0/0    12:52   0:00   0:00 
Mattias Janmark          0  0  0   0  0   3  2  0  0  0  0/1    11:34   0:00   0:00 
Mike Amadio              0  0  0  -1  0   0  0  0  0  0  2/6    12:16   0:00   1:45 
Mike Reilly              0  0  0   0  2   0  0  0  2  0  0/0    20:14   0:00   3:48 
Mikhail Grigorenko       0  0  0   0  2   3  0  0  0  0  1/3    14:49   0:00   0:58 
Myles Bell               0  0  0   0  0   0  0  0  0  0  0/0     2:18   0:00   0:26 
Nick Mattson             0  0  0   0  0   0  1  1  0  0  0/0     4:03   0:00   0:00 
Oliver Bjorkstrand       0  0  0  -1  0   1  1  0  1  0  0/0    11:12   0:00   0:00 
Patrick Sieloff          0  0  0  -1  0   1  2  0  0  0  0/0    19:25   0:00   1:53 
Rhett Rakhshani          0  0  0  -1  0   0  2  1  0  0  0/0    14:50   0:00   0:00 
Tanner Richard           1  0  1   0  4   1  1  0  0  1  10/17  15:53   0:10   1:25 
Teemu Pulkkinen          0  0  0  -1  0   1  3  0  3  1  0/0    19:54   0:00   3:13 

Players Stats for Ice Dragons

Player Name              G  A  P  +/- PIM S  H  SB GA TA FO     MP     PP MP  PK MP  
------------------------------------------------------------------------------------
Alex Henriksson          0  0  0   0  0   0  0  0  0  0  0/0     0:13   0:00   0:00 
Alex Plante              0  0  0   0  0   1  1  0  0  1  0/0    19:02   3:49   0:10 
Billy Sweat              1  1  2   2  0   6  0  0  0  0  0/0    17:33   3:53   0:00 
Brandon Kozun            0  0  0   0  2   0  0  0  0  0  0/0    21:09   4:31   0:00 
Chris Wagner             0  0  0   0  0   3  1  0  0  0  0/0    11:47   0:00   0:00 
Cole Ully                0  0  0   0  0   0  0  0  0  0  0/0     0:31   0:02   0:00 
Corban Knight            0  1  1   0  0   3  4  1  2  0  14/25  22:17   4:23   0:10 
Emil Pettersson          0  0  0   0  0   0  2  0  0  0  1/3    11:47   0:00   0:00 
Jerome Gauthier-Leduc    0  0  0   0  0   0  0  2  0  2  0/0    20:28   2:56   0:00 
Jordan LaVallee          0  0  0   0  0   1  1  0  2  0  0/1    21:20   4:31   0:10 
Juho Lammikko            0  0  0   0  0   0  3  0  0  0  0/0     8:46   0:00   0:00 
Justin Shugg             0  0  0   2  0   1  2  0  0  0  2/3    17:46   3:53   0:00 
Kevin Connauton          0  2  2   2  0   1  2  0  0  0  0/0    27:31   5:30   0:00 
Logan MacMillan          0  0  0   0  0   1  2  0  0  2  0/0    11:47   0:00   0:00 
Mario Lucia              0  0  0   0  0   0  0  0  0  0  0/0     0:15   0:00   0:00 
Phil Di Giuseppe         0  0  0   0  0   0  0  0  0  0  0/0     1:39   0:12   0:00 
Robin Norell             0  0  0   0  0   0  2  2  0  0  0/0    15:24   0:00   0:10 
Sam Carrick              1  1  2   2  0   5  1  0  0  1  6/11   17:33   3:53   0:00 
Samuel Groulx            0  0  0   0  0   0  0  1  0  0  0/0     6:09   0:00   0:00 
Theodor Blueger          0  0  0   0  0   2  2  0  0  0  1/2     9:48   0:00   0:00 
Thomas Gobeil            0  0  0   0  0   0  0  0  0  0  0/0     1:30   0:00   0:00 
William Carrier          0  0  0   0  0   1  2  0  0  0  0/0     8:46   0:00   0:00 
Zach Trotman             1  0  1   2  0   5  1  1  0  0  0/0    26:48   4:37   0:00 

3 Stars

1 - Sam Carrick (Kin)
2 - Billy Sweat (Kin)
3 - Kevin Connauton (Kin)

Power Play

Coutelas - 1 on 1 Attempt(s) - 100.00%
Ice Dragons - 1 on 5 Attempt(s) - 20.00%

Penalty Kill

Coutelas - 4 on 5 Attempt(s) - 80.00% - Score 0 goal in Penalty Kill
Ice Dragons - 0 on 1 Attempt(s) - 0.00% - Score 0 goal in Penalty Kill

Team Stat

Coutelas - Hits : 24 - Faceoff Wins : 21 - Blocked Shots : 7 - Penalty Minutes : 10
Ice Dragons - Hits : 26 - Faceoff Wins : 24 - Blocked Shots : 7 - Penalty Minutes : 2

Official

Referees : Unknown
Linesman : Unknown

Game Notes

Nick Mattson is injured at 12:53 of 1st period (Strained Right Knee)
Samuel Groulx is injured at 19:18 of 1st period (Bruised Left Leg)

Finance

Level 1 -- Attendance: 1334 (66.70%) -- Ticket Income $53,360
Level 2 -- Attendance: 711 (71.10%) -- Ticket Income $14,220
Total Attendance: 2045 (68.17%)
Total Ticket Income: $67,580
Other Income: $3,379
Total Income: $70,959

Coutelas

5 vs 5 Forward 
   Center                   Left Wing                Right Wing               Time % Phy DF OF 
 1 Tanner Richard           Craig Cunningham         Garnet Hathaway          40     1   2  2  
 2 Juraj Mikus              Teemu Pulkkinen          Rhett Rakhshani          30     1   2  2  
 3 Mike Amadio              Craig Cunningham         Oliver Bjorkstrand       20     1   2  2  
 4 Mikhail Grigorenko       Mattias Janmark          Kurtis Gabriel           10     1   2  2  

5 vs 5 Defense 
   Defense                  Defense                                           Time % Phy DF OF 
 1 Dustin Kohn              Ben Harpur                                        40     1   2  2  
 2 Nick Mattson             Mike Reilly                                       30     1   2  2  
 3 Patrick Sieloff          Julius Honka                                      20     1   2  2  
 4 Dustin Kohn              Ben Harpur                                        10     1   2  2  

PowerPlay Forward 
   Center                   Left Wing                Right Wing               Time % Phy DF OF 
 1 Tanner Richard           Craig Cunningham         Garnet Hathaway          60     1   2  2  
 2 Juraj Mikus              Teemu Pulkkinen          Rhett Rakhshani          40     1   2  2  

PowerPlay Defense
   Defense                  Defense                                           Time % Phy DF OF 
 1 Dustin Kohn              Ben Harpur                                        60     1   2  2  
 2 Nick Mattson             Mike Reilly                                       40     1   2  2  

Penalty Kill 4 Players Forward 
   Center                   Wing                     Time % Phy DF OF 
 1 Juraj Mikus              Craig Cunningham         60     1   2  2  
 2 Tanner Richard           Teemu Pulkkinen          40     1   2  2  

Penalty Kill 4 Players Defense
   Defense                  Defense                  Time % Phy DF OF 
 1 Dustin Kohn              Ben Harpur               60     1   2  2  
 2 Nick Mattson             Mike Reilly              40     1   2  2  

Penalty Kill - 3 Players Forward 
   Forward                                           Time % Phy DF OF 
 1 Tanner Richard                                    60     1   2  2  
 2 Craig Cunningham                                  40     1   2  2  

Penalty Kill - 3 Players Defense
   Defense                  Defense                  Time % Phy DF OF 
 1 Dustin Kohn              Ben Harpur               60     1   2  2  
 2 Nick Mattson             Mike Reilly              40     1   2  2  

4 vs 4 Forward 
   Center                   Wing                     Time % Phy DF OF 
 1 Mike Amadio              Craig Cunningham         60     1   2  2  
 2 Tanner Richard           Teemu Pulkkinen          40     1   2  2  

4 vs 4 Defense
   Defense                  Defense                  Time % Phy DF OF 
 1 Dustin Kohn              Ben Harpur               60     1   2  2  
 2 Nick Mattson             Mike Reilly              40     1   2  2  

Last Minutes Offensive
   Center                   Left Wing                Right Wing               Defense                  Defense                  
   Tanner Richard           Craig Cunningham         Garnet Hathaway          Dustin Kohn              Ben Harpur               

Last Minutes Defensive
   Center                   Left Wing                Right Wing               Defense                  Defense                  
   Tanner Richard           Craig Cunningham         Garnet Hathaway          Dustin Kohn              Ben Harpur               

Goaltenders
Starting : Joe Cannata              
Backup : Ilya Samsonov            

Extra Forwards
Normal : Craig Cunningham, Oliver Bjorkstrand, Mike Amadio - PP : Craig Cunningham, Oliver Bjorkstrand - PK : Mike Amadio
Extra Defensemen
Normal : Patrick Sieloff, Julius Honka, Nick Mattson - PP : Patrick Sieloff - PK : Julius Honka, Nick Mattson
Penalty Shots
Oliver Bjorkstrand, Craig Cunningham, Tanner Richard, Teemu Pulkkinen, Juraj Mikus

Scratches
Colin White (Healthy), Ross Johnston (Healthy), Patrick Russell (Healthy), Zach Whitecloud (Healthy), Nick Paul (Healthy)
Duncan Siemens (Healthy), Calle Andersson (Healthy), Clark Bishop (Healthy), Nikita Scherbak (Healthy), JJ. Piccinich (Healthy)
Michael Giugovaz (Healthy)

Ice Dragons

5 vs 5 Forward 
   Center                   Left Wing                Right Wing               Time % Phy DF OF 
 1 Corban Knight            Jordan LaVallee          Brandon Kozun            40     1   2  2  
 2 Sam Carrick              Billy Sweat              Justin Shugg             30     1   2  2  
 3 Emil Pettersson          Logan MacMillan          Chris Wagner             20     1   2  2  
 4 Theodor Blueger          William Carrier          Juho Lammikko            10     1   2  2  

5 vs 5 Defense 
   Defense                  Defense                                           Time % Phy DF OF 
 1 Kevin Connauton          Zach Trotman                                      40     1   2  2  
 2 Samuel Groulx            Alex Plante                                       30     1   2  2  
 3 Jerome Gauthier-Leduc    Robin Norell                                      20     1   2  2  
 4 Kevin Connauton          Zach Trotman                                      10     1   2  2  

PowerPlay Forward 
   Center                   Left Wing                Right Wing               Time % Phy DF OF 
 1 Corban Knight            Jordan LaVallee          Brandon Kozun            60     1   2  2  
 2 Sam Carrick              Billy Sweat              Justin Shugg             40     1   2  2  

PowerPlay Defense
   Defense                  Defense                                           Time % Phy DF OF 
 1 Kevin Connauton          Zach Trotman                                      60     1   2  2  
 2 Samuel Groulx            Alex Plante                                       40     1   2  2  

Penalty Kill 4 Players Forward 
   Center                   Wing                     Time % Phy DF OF 
 1 Corban Knight            Jordan LaVallee          60     1   2  2  
 2 Billy Sweat              Sam Carrick              40     1   2  2  

Penalty Kill 4 Players Defense
   Defense                  Defense                  Time % Phy DF OF 
 1 Kevin Connauton          Zach Trotman             60     1   2  2  
 2 Samuel Groulx            Alex Plante              40     1   2  2  

Penalty Kill - 3 Players Forward 
   Forward                                           Time % Phy DF OF 
 1 Corban Knight                                     60     1   2  2  
 2 Jordan LaVallee                                   40     1   2  2  

Penalty Kill - 3 Players Defense
   Defense                  Defense                  Time % Phy DF OF 
 1 Kevin Connauton          Zach Trotman             60     1   2  2  
 2 Samuel Groulx            Alex Plante              40     1   2  2  

4 vs 4 Forward 
   Center                   Wing                     Time % Phy DF OF 
 1 Corban Knight            Jordan LaVallee          60     1   2  2  
 2 Billy Sweat              Sam Carrick              40     1   2  2  

4 vs 4 Defense
   Defense                  Defense                  Time % Phy DF OF 
 1 Kevin Connauton          Zach Trotman             60     1   2  2  
 2 Samuel Groulx            Alex Plante              40     1   2  2  

Last Minutes Offensive
   Center                   Left Wing                Right Wing               Defense                  Defense                  
   Corban Knight            Jordan LaVallee          Brandon Kozun            Kevin Connauton          Zach Trotman             

Last Minutes Defensive
   Center                   Left Wing                Right Wing               Defense                  Defense                  
   Corban Knight            Jordan LaVallee          Brandon Kozun            Kevin Connauton          Zach Trotman             

Goaltenders
Starting : Chet Pickard             
Backup : Joacim Eriksson          

Extra Forwards
Normal : Phil Di Giuseppe, Cole Ully, Mario Lucia - PP : Phil Di Giuseppe, Cole Ully - PK : Mario Lucia
Extra Defensemen
Normal : Jerome Gauthier-Leduc, Robin Norell, Samuel Groulx - PP : Jerome Gauthier-Leduc - PK : Robin Norell, Samuel Groulx
Penalty Shots
Corban Knight, Jordan LaVallee, Billy Sweat, Sam Carrick, Logan MacMillan

Scratches
Adam Clendening (Bruised Right Leg Injury), Oscar Dansk (Healthy)

% Time on Ice - Coutelas

Lines # - Real PCT - Wanted PCT - Time Play
Normal Forward
1 - 29% - 40% - 14:45
2 - 32% - 30% - 16:26
3 - 17% - 20% - 8:39
4 - 23% - 10% - 11:34
Normal Defense
1 - 33% - 40% - 17:07
2 - 41% - 30% - 21:12
3 - 22% - 20% - 11:08
4 - 4% - 10% - 1:57
PP Forward
1 - 100% - 60% - 0:10
2 - 0% - 40% - 0:00
PP Defense
1 - 100% - 60% - 0:10
2 - 0% - 40% - 0:00
PK Forward
1 - 75% - 60% - 6:20
2 - 25% - 40% - 2:06
PK Defense
1 - 44% - 60% - 3:43
2 - 56% - 40% - 4:43
PK3 Forward
1 - 0% - 60%
2 - 0% - 40%
PK3 Defense
1 - 0% - 60%
2 - 0% - 40%
44 Forward
1 - 0% - 60%
2 - 0% - 40%
44 Defense
1 - 0% - 60%
2 - 0% - 40%
Last Minute Offensive  - 0:00
Last Minute Defensive  - 0:00
Total
Forward - 60:00
Defense - 60:00

% Time on Ice - Ice Dragons

Lines # - Real PCT - Wanted PCT - Time Play
Normal Forward
1 - 33% - 40% - 17:11
2 - 27% - 30% - 13:40
3 - 23% - 20% - 11:47
4 - 17% - 10% - 8:46
Normal Defense
1 - 33% - 40% - 16:44
2 - 42% - 30% - 21:23
3 - 22% - 20% - 11:20
4 - 4% - 10% - 1:57
PP Forward
1 - 54% - 60% - 4:33
2 - 46% - 40% - 3:53
PP Defense
1 - 55% - 60% - 4:37
2 - 45% - 40% - 3:49
PK Forward
1 - 100% - 60% - 0:10
2 - 0% - 40% - 0:00
PK Defense
1 - 0% - 60% - 0:00
2 - 100% - 40% - 0:10
PK3 Forward
1 - 0% - 60%
2 - 0% - 40%
PK3 Defense
1 - 0% - 60%
2 - 0% - 40%
44 Forward
1 - 0% - 60%
2 - 0% - 40%
44 Defense
1 - 0% - 60%
2 - 0% - 40%
Last Minute Offensive  - 0:00
Last Minute Defensive  - 0:00
Total
Forward - 60:00
Defense - 60:00

Play-by-Play

1st period


0:01 of 1st period - Corban Knight wins face-off versus Tanner Richard in neutral zone.
0:04 of 1st period - Wrist shot by Kevin Connauton.
0:04 of 1st period - Shot Blocked by Dustin Kohn.
0:27 of 1st period - Corban Knight is hit by Ben Harpur.
0:54 of 1st period - Rhett Rakhshani is hit by Sam Carrick and loses puck.
1:27 of 1st period - Wrist shot by Theodor Blueger.
1:27 of 1st period - Stopped by Joe Cannata with a rebound.
1:57 of 1st period - Chris Wagner is hit by Rhett Rakhshani and loses puck.
2:47 of 1st period - Off-side.
2:48 of 1st period - Sam Carrick wins face-off versus Mikhail Grigorenko in neutral zone.
3:01 of 1st period - Wrist shot by Sam Carrick.
3:01 of 1st period - Stopped by Joe Cannata with a rebound.
3:33 of 1st period - Emil Pettersson is hit by Craig Cunningham and loses puck.
3:46 of 1st period - Emil Pettersson is hit by Tanner Richard and loses puck.
4:05 of 1st period - Snap shot by Theodor Blueger.
4:05 of 1st period - Stopped by Joe Cannata without a rebound.
4:06 of 1st period - Juraj Mikus wins face-off versus Corban Knight in Coutelas zone.
4:31 of 1st period - Kevin Connauton is hit by Nick Mattson and loses puck.
5:36 of 1st period - Icing by Rhett Rakhshani.
5:37 of 1st period - Corban Knight wins face-off versus Mattias Janmark in Coutelas zone.
5:40 of 1st period - Wrist shot by Corban Knight.
5:40 of 1st period - Stopped by Joe Cannata with a rebound.
5:47 of 1st period - Slapshot by Mattias Janmark.
5:47 of 1st period - Stopped by Chet Pickard with a rebound.
5:49 of 1st period - Slapshot by Dustin Kohn.
5:49 of 1st period - Stopped by Chet Pickard without a rebound.
5:50 of 1st period - Tanner Richard wins face-off versus Corban Knight in Ice Dragons zone.
5:57 of 1st period - Snap shot by Craig Cunningham.
5:57 of 1st period - Shot Misses the Net.
6:15 of 1st period - Samuel Groulx is hit by Teemu Pulkkinen and loses puck.
6:20 of 1st period - Wrist shot by Juraj Mikus.
6:20 of 1st period - Shot Blocked by Samuel Groulx.
9:03 of 1st period - Mattias Janmark is hit by Jordan LaVallee and loses puck.
9:28 of 1st period - Slapshot by Emil Pettersson.
9:28 of 1st period - Deflect By William Carrier.
9:28 of 1st period - Shot Misses the Net.
9:28 of 1st period - Puck is out of play.
9:29 of 1st period - Garnet Hathaway wins face-off versus Theodor Blueger in Coutelas zone.
9:41 of 1st period - Slapshot by Kevin Connauton.
9:41 of 1st period - Shot Misses the Net.
9:43 of 1st period - Slapshot by Zach Trotman.
9:43 of 1st period - Stopped by Joe Cannata with a rebound.
9:45 of 1st period - Wrist shot by Kevin Connauton.
9:45 of 1st period - Shot Blocked by Garnet Hathaway.
10:00 of 1st period - Snap shot by Sam Carrick.
10:00 of 1st period - Shot Hit the Post.
10:02 of 1st period - Snap shot by Sam Carrick.
10:02 of 1st period - Shot Misses the Net.
10:04 of 1st period - Snap shot by Alex Plante.
10:04 of 1st period - Deflect By Dustin Kohn.
10:04 of 1st period - Stopped by Joe Cannata without a rebound.
10:05 of 1st period - Corban Knight wins face-off versus Juraj Mikus in Coutelas zone.
10:08 of 1st period - Snap shot by Jordan LaVallee.
10:08 of 1st period - Stopped by Joe Cannata with a rebound.
10:18 of 1st period - Snap shot by Jordan LaVallee.
10:18 of 1st period - Shot Blocked by Rhett Rakhshani.
10:20 of 1st period - Slapshot by Zach Trotman.
10:20 of 1st period - Stopped by Joe Cannata with a rebound.
12:53 of 1st period - Wrist shot by Logan MacMillan.
12:53 of 1st period - Shot Blocked by Nick Mattson.
12:53 of 1st period - Nick Mattson from Coutelas is injured at 12:53 of 1st period (Strained Right Knee).
12:54 of 1st period - Corban Knight wins face-off versus Tanner Richard in Coutelas zone.
13:19 of 1st period - Juraj Mikus is hit by Kevin Connauton.
13:43 of 1st period - Wrist shot by Craig Cunningham.
13:43 of 1st period - Stopped by Chet Pickard without a rebound.
13:44 of 1st period - Mike Amadio wins face-off versus Emil Pettersson in Ice Dragons zone.
13:49 of 1st period - Wrist shot by Oliver Bjorkstrand.
13:49 of 1st period - Deflect By Samuel Groulx.
13:49 of 1st period - Stopped by Chet Pickard with a rebound.
13:57 of 1st period - Wrist shot by Craig Cunningham.
13:57 of 1st period - Stopped by Chet Pickard with a rebound.
14:29 of 1st period - Zach Trotman is hit by Garnet Hathaway.
14:35 of 1st period - Snap shot by Billy Sweat.
14:35 of 1st period - Stopped by Joe Cannata with a rebound.
14:58 of 1st period - Snap shot by Mattias Janmark.
14:58 of 1st period - Stopped by Chet Pickard with a rebound.
15:43 of 1st period - Slapshot by Dustin Kohn.
15:43 of 1st period - Stopped by Chet Pickard without a rebound.
15:44 of 1st period - Mikhail Grigorenko wins face-off versus Justin Shugg in Ice Dragons zone.
15:49 of 1st period - Snap shot by Mikhail Grigorenko.
15:49 of 1st period - Stopped by Chet Pickard with a rebound.
15:51 of 1st period - Slapshot by Julius Honka.
15:51 of 1st period - Shot Misses the Net.
15:59 of 1st period - Wrist shot by Mattias Janmark.
15:59 of 1st period - Stopped by Chet Pickard without a rebound.
16:00 of 1st period - Corban Knight wins face-off versus Juraj Mikus in Ice Dragons zone.
16:11 of 1st period - Julius Honka is hit by Corban Knight and loses puck.
16:34 of 1st period - Snap shot by Garnet Hathaway.
16:34 of 1st period - Shot Misses the Net.
17:16 of 1st period - Wrist shot by Teemu Pulkkinen.
17:16 of 1st period - Stopped by Chet Pickard with a rebound.
17:55 of 1st period - Zach Trotman is hit by Julius Honka and loses puck.
19:06 of 1st period - Logan MacMillan is hit by Teemu Pulkkinen and loses puck.
19:17 of 1st period - Samuel Groulx is hit by Mattias Janmark and loses puck.
19:18 of 1st period - Samuel Groulx from Ice Dragons is injured at 19:18 of 1st period (Bruised Left Leg).
19:19 of 1st period - Tanner Richard wins face-off versus Corban Knight in Ice Dragons zone.
19:22 of 1st period - Snap shot by Garnet Hathaway.
19:22 of 1st period - Stopped by Chet Pickard without a rebound.
19:23 of 1st period - Tanner Richard wins face-off versus Corban Knight in Ice Dragons zone.
19:30 of 1st period - Wrist shot by Garnet Hathaway.
19:30 of 1st period - Stopped by Chet Pickard without a rebound.
19:31 of 1st period - Tanner Richard wins face-off versus Sam Carrick in Ice Dragons zone.
Goals for this period are 0 for Coutelas vs 0 for Ice Dragons.
Shots for this period are 12 for Coutelas vs 9 for Ice Dragons.

2nd period


0:01 of 2nd period - Tanner Richard wins face-off versus Corban Knight in neutral zone.
0:50 of 2nd period - Minor Penalty to Brandon Kozun for Holding Stick.
0:51 of 2nd period - Craig Cunningham wins face-off versus Corban Knight in Ice Dragons zone.
1:00 of 2nd period - Snap shot by Tanner Richard.
1:00 of 2nd period - Goal by Tanner Richard - Coutelas : 1 - Ice Dragons : 0.
1:01 of 2nd period - Tanner Richard wins face-off versus Sam Carrick in neutral zone.
1:26 of 2nd period - Juraj Mikus is hit by Corban Knight and loses puck.
1:51 of 2nd period - Patrick Sieloff is hit by William Carrier and loses puck.
2:09 of 2nd period - Icing by Juho Lammikko.
2:10 of 2nd period - Sam Carrick wins face-off versus Mike Amadio in Ice Dragons zone.
2:19 of 2nd period - Wrist shot by Justin Shugg.
2:19 of 2nd period - Stopped by Joe Cannata with a rebound.
2:50 of 2nd period - Wrist shot by Billy Sweat.
2:50 of 2nd period - Goal by Billy Sweat - Coutelas : 1 - Ice Dragons : 1.
2:51 of 2nd period - Corban Knight wins face-off versus Juraj Mikus in neutral zone.
3:35 of 2nd period - Snap shot by Mikhail Grigorenko.
3:35 of 2nd period - Stopped by Chet Pickard with a rebound.
3:37 of 2nd period - Snap shot by Patrick Sieloff.
3:37 of 2nd period - Stopped by Chet Pickard with a rebound.
5:19 of 2nd period - Rhett Rakhshani is hit by Juho Lammikko.
5:33 of 2nd period - Wrist shot by Garnet Hathaway.
5:33 of 2nd period - Shot Misses the Net.
5:35 of 2nd period - Snap shot by Craig Cunningham.
5:35 of 2nd period - Shot Blocked by Jerome Gauthier-Leduc.
6:01 of 2nd period - Minor Penalty to Tanner Richard for Hooking.
6:02 of 2nd period - Juraj Mikus wins face-off versus Corban Knight in Coutelas zone.
8:01 of 2nd period - Penalty to Tanner Richard is over, Tanner Richard is back on ice.
8:04 of 2nd period - Off-side.
8:05 of 2nd period - Tanner Richard wins face-off versus Emil Pettersson in neutral zone.
8:28 of 2nd period - Mike Reilly is hit by William Carrier and loses puck.
8:50 of 2nd period - Snap shot by Billy Sweat.
8:50 of 2nd period - Stopped by Joe Cannata with a rebound.
8:54 of 2nd period - Slapshot by Sam Carrick.
8:54 of 2nd period - Shot Misses the Net.
8:56 of 2nd period - Slapshot by Sam Carrick.
8:56 of 2nd period - Stopped by Joe Cannata with a rebound.
9:37 of 2nd period - Snap shot by Mikhail Grigorenko.
9:37 of 2nd period - Shot Blocked by Corban Knight.
9:49 of 2nd period - Teemu Pulkkinen is hit by Juho Lammikko and loses puck.
9:54 of 2nd period - Slapshot by William Carrier.
9:54 of 2nd period - Shot Misses the Net.
9:56 of 2nd period - Slapshot by Alex Plante.
9:56 of 2nd period - Shot Misses the Net.
9:58 of 2nd period - Slapshot by Kevin Connauton.
9:58 of 2nd period - Shot Blocked by Juraj Mikus.
10:08 of 2nd period - Wrist shot by Billy Sweat.
10:08 of 2nd period - Deflect By Justin Shugg.
10:08 of 2nd period - Shot Misses the Net.
10:08 of 2nd period - Puck is out of play.
10:09 of 2nd period - Sam Carrick wins face-off versus Mike Amadio in Coutelas zone.
10:30 of 2nd period - Jerome Gauthier-Leduc is hit by Kurtis Gabriel and loses puck.
10:59 of 2nd period - Icing by Mike Reilly.
11:00 of 2nd period - Sam Carrick wins face-off versus Juraj Mikus in Coutelas zone.
11:05 of 2nd period - Wrist shot by Billy Sweat.
11:05 of 2nd period - Stopped by Joe Cannata without a rebound.
11:06 of 2nd period - Justin Shugg wins face-off versus Tanner Richard in Coutelas zone.
11:11 of 2nd period - Wrist shot by Billy Sweat.
11:11 of 2nd period - Shot Misses the Net.
11:13 of 2nd period - Slapshot by Zach Trotman.
11:13 of 2nd period - Stopped by Joe Cannata without a rebound.
11:14 of 2nd period - Corban Knight wins face-off versus Tanner Richard in Coutelas zone.
11:39 of 2nd period - Slapshot by Kevin Connauton.
11:39 of 2nd period - Shot Blocked by Ben Harpur.
11:41 of 2nd period - Wrist shot by Sam Carrick.
11:41 of 2nd period - Goal by Sam Carrick - Coutelas : 1 - Ice Dragons : 2.
11:42 of 2nd period - Corban Knight wins face-off versus Tanner Richard in neutral zone.
11:56 of 2nd period - Minor Penalty to Tanner Richard for Elbowing.
11:57 of 2nd period - Corban Knight wins face-off versus Juraj Mikus in Coutelas zone.
12:54 of 2nd period - Snap shot by Teemu Pulkkinen.
12:54 of 2nd period - Shot Misses the Net.
13:56 of 2nd period - Penalty to Tanner Richard is over, Tanner Richard is back on ice.
14:08 of 2nd period - Logan MacMillan is hit by Patrick Sieloff and loses puck.
14:34 of 2nd period - Garnet Hathaway is hit by Theodor Blueger and loses puck.
15:13 of 2nd period - Snap shot by Garnet Hathaway.
15:13 of 2nd period - Shot Misses the Net.
15:15 of 2nd period - Slapshot by Dustin Kohn.
15:15 of 2nd period - Shot Misses the Net.
15:42 of 2nd period - Mikhail Grigorenko is hit by Corban Knight.
15:59 of 2nd period - Teemu Pulkkinen is hit by Alex Plante and loses puck.
16:14 of 2nd period - Dustin Kohn is hit by Robin Norell and loses puck.
16:19 of 2nd period - Wrist shot by Chris Wagner.
16:19 of 2nd period - Stopped by Joe Cannata with a rebound.
17:37 of 2nd period - Rhett Rakhshani is hit by Chris Wagner and loses puck.
18:01 of 2nd period - Garnet Hathaway is hit by Corban Knight and loses puck.
18:31 of 2nd period - Dustin Kohn is hit by Emil Pettersson.
18:42 of 2nd period - Kevin Connauton is hit by Dustin Kohn and loses puck.
19:13 of 2nd period - Mikhail Grigorenko is hit by Justin Shugg and loses puck.
19:26 of 2nd period - William Carrier is hit by Julius Honka and loses puck.
19:56 of 2nd period - Jerome Gauthier-Leduc is hit by Juraj Mikus and loses puck.
Goals for this period are 1 for Coutelas vs 2 for Ice Dragons.
Shots for this period are 3 for Coutelas vs 8 for Ice Dragons.

3rd period


0:01 of 3rd period - Tanner Richard wins face-off versus Corban Knight in neutral zone.
0:04 of 3rd period - Wrist shot by Craig Cunningham.
0:04 of 3rd period - Stopped by Chet Pickard with a rebound.
0:25 of 3rd period - Zach Trotman is hit by Ben Harpur and loses puck.
1:57 of 3rd period - Snap shot by Mike Amadio.
1:57 of 3rd period - Shot Misses the Net.
2:36 of 3rd period - Minor Penalty to Mikhail Grigorenko for Interference.
2:37 of 3rd period - Justin Shugg wins face-off versus Juraj Mikus in Coutelas zone.
2:40 of 3rd period - Wrist shot by Billy Sweat.
2:40 of 3rd period - Stopped by Joe Cannata without a rebound.
2:41 of 3rd period - Juraj Mikus wins face-off versus Sam Carrick in Coutelas zone.
3:17 of 3rd period - Slapshot by Teemu Pulkkinen.
3:17 of 3rd period - Shot Misses the Net.
3:51 of 3rd period - Slapshot by Teemu Pulkkinen.
3:51 of 3rd period - Shot Misses the Net.
4:36 of 3rd period - Penalty to Mikhail Grigorenko is over, Mikhail Grigorenko is back on ice.
4:55 of 3rd period - Wrist shot by Logan MacMillan.
4:55 of 3rd period - Stopped by Joe Cannata with a rebound.
4:57 of 3rd period - Wrist shot by Chris Wagner.
4:57 of 3rd period - Stopped by Joe Cannata without a rebound.
4:58 of 3rd period - Theodor Blueger wins face-off versus Mike Amadio in Coutelas zone.
5:07 of 3rd period - Wrist shot by Juho Lammikko.
5:07 of 3rd period - Shot Misses the Net.
5:09 of 3rd period - Slapshot by Juho Lammikko.
5:09 of 3rd period - Shot Misses the Net.
5:11 of 3rd period - Slapshot by Robin Norell.
5:11 of 3rd period - Shot Misses the Net.
5:13 of 3rd period - Slapshot by William Carrier.
5:13 of 3rd period - Stopped by Joe Cannata with a rebound.
5:23 of 3rd period - Emil Pettersson is hit by Patrick Sieloff and loses puck.
5:28 of 3rd period - Wrist shot by Mattias Janmark.
5:28 of 3rd period - Shot Misses the Net.
5:38 of 3rd period - Mikhail Grigorenko is hit by Logan MacMillan.
5:56 of 3rd period - Wrist shot by Sam Carrick.
5:56 of 3rd period - Stopped by Joe Cannata with a rebound.
6:04 of 3rd period - Minor Penalty to Mike Reilly for Hooking.
6:05 of 3rd period - Corban Knight wins face-off versus Juraj Mikus in Coutelas zone.
6:20 of 3rd period - Wrist shot by Brandon Kozun.
6:20 of 3rd period - Shot Misses the Net.
6:34 of 3rd period - Snap shot by Zach Trotman.
6:34 of 3rd period - Goal by Zach Trotman - Coutelas : 1 - Ice Dragons : 3.
6:35 of 3rd period - Corban Knight wins face-off versus Tanner Richard in neutral zone.
6:44 of 3rd period - Slapshot by Corban Knight.
6:44 of 3rd period - Stopped by Joe Cannata with a rebound.
6:46 of 3rd period - Slapshot by Kevin Connauton.
6:46 of 3rd period - Shot Misses the Net.
6:48 of 3rd period - Slapshot by Kevin Connauton.
6:48 of 3rd period - Shot Misses the Net.
6:50 of 3rd period - Slapshot by Kevin Connauton.
6:50 of 3rd period - Stopped by Joe Cannata without a rebound.
6:51 of 3rd period - Sam Carrick wins face-off versus Juraj Mikus in Coutelas zone.
6:56 of 3rd period - Slapshot by Billy Sweat.
6:56 of 3rd period - Stopped by Joe Cannata without a rebound.
6:57 of 3rd period - Juraj Mikus wins face-off versus Sam Carrick in Coutelas zone.
7:26 of 3rd period - Snap shot by Garnet Hathaway.
7:26 of 3rd period - Stopped by Chet Pickard without a rebound.
7:27 of 3rd period - Tanner Richard wins face-off versus Corban Knight in Ice Dragons zone.
7:34 of 3rd period - Wrist shot by Tanner Richard.
7:34 of 3rd period - Shot Blocked by Jerome Gauthier-Leduc.
7:36 of 3rd period - Snap shot by Patrick Sieloff.
7:36 of 3rd period - Shot Misses the Net.
7:38 of 3rd period - Wrist shot by Garnet Hathaway.
7:38 of 3rd period - Shot Blocked by Robin Norell.
7:40 of 3rd period - Wrist shot by Julius Honka.
7:40 of 3rd period - Shot Misses the Net.
7:59 of 3rd period - Jerome Gauthier-Leduc is hit by Teemu Pulkkinen.
8:15 of 3rd period - Wrist shot by Zach Trotman.
8:15 of 3rd period - Stopped by Joe Cannata without a rebound.
8:16 of 3rd period - Emil Pettersson wins face-off versus Mike Amadio in Coutelas zone.
8:38 of 3rd period - Craig Cunningham is hit by Kevin Connauton and loses puck.
8:51 of 3rd period - Slapshot by Chris Wagner.
8:51 of 3rd period - Stopped by Joe Cannata with a rebound.
9:01 of 3rd period - Snap shot by Mike Amadio.
9:01 of 3rd period - Shot Misses the Net.
9:03 of 3rd period - Slapshot by Julius Honka.
9:03 of 3rd period - Stopped by Chet Pickard without a rebound.
9:04 of 3rd period - Corban Knight wins face-off versus Juraj Mikus in Ice Dragons zone.
9:17 of 3rd period - Slapshot by Rhett Rakhshani.
9:17 of 3rd period - Shot Blocked by Robin Norell.
9:19 of 3rd period - Slapshot by Ben Harpur.
9:19 of 3rd period - Stopped by Chet Pickard without a rebound.
9:20 of 3rd period - Sam Carrick wins face-off versus Juraj Mikus in Ice Dragons zone.
9:27 of 3rd period - Snap shot by Sam Carrick.
9:27 of 3rd period - Stopped by Joe Cannata with a rebound.
9:35 of 3rd period - Backhand shot by Sam Carrick.
9:35 of 3rd period - Deflect By Billy Sweat.
9:35 of 3rd period - Shot Blocked by Juraj Mikus.
9:35 of 3rd period - Puck is out of play.
9:36 of 3rd period - Tanner Richard wins face-off versus Corban Knight in Coutelas zone.
9:45 of 3rd period - Slapshot by Corban Knight.
9:45 of 3rd period - Stopped by Joe Cannata without a rebound.
9:46 of 3rd period - Corban Knight wins face-off versus Tanner Richard in Coutelas zone.
9:52 of 3rd period - Minor Penalty to Ben Harpur for Tripping.
9:53 of 3rd period - Juraj Mikus wins face-off versus Corban Knight in Coutelas zone.
10:45 of 3rd period - Icing by Corban Knight.
10:46 of 3rd period - Juraj Mikus wins face-off versus Jordan LaVallee in Ice Dragons zone.
11:52 of 3rd period - Penalty to Ben Harpur is over, Ben Harpur is back on ice.
12:02 of 3rd period - Mattias Janmark is hit by Emil Pettersson and loses puck.
12:11 of 3rd period - Emil Pettersson is hit by Kurtis Gabriel and loses puck.
12:22 of 3rd period - Mike Reilly is hit by Theodor Blueger and loses puck.
12:42 of 3rd period - Icing by Oliver Bjorkstrand.
12:43 of 3rd period - Mike Amadio wins face-off versus Sam Carrick in Coutelas zone.
12:43 of 3rd period - Mike Amadio is hit by Justin Shugg.
13:14 of 3rd period - Wrist shot by Mattias Janmark.
13:14 of 3rd period - Shot Blocked by Zach Trotman.
13:16 of 3rd period - Wrist shot by Mikhail Grigorenko.
13:16 of 3rd period - Stopped by Chet Pickard without a rebound.
13:17 of 3rd period - Corban Knight wins face-off versus Mikhail Grigorenko in Ice Dragons zone.
13:17 of 3rd period - Corban Knight is hit by Mattias Janmark.
13:43 of 3rd period - Justin Shugg is hit by Craig Cunningham and loses puck.
14:14 of 3rd period - Robin Norell is hit by Rhett Rakhshani and loses puck.
14:35 of 3rd period - Zach Trotman is hit by Oliver Bjorkstrand and loses puck.
15:21 of 3rd period - Billy Sweat is hit by Juraj Mikus and loses puck.
16:35 of 3rd period - Mike Amadio is hit by Juho Lammikko and loses puck.
16:48 of 3rd period - Rhett Rakhshani is hit by Logan MacMillan and loses puck.
17:57 of 3rd period - Rhett Rakhshani is hit by Zach Trotman and loses puck.
18:10 of 3rd period - Tanner Richard is hit by Robin Norell and loses puck.
Goals for this period are 0 for Coutelas vs 1 for Ice Dragons.
Shots for this period are 5 for Coutelas vs 13 for Ice Dragons.